 Seeded DCSS version 0.30-a0-222-ge547ba4400 (webtiles) character file.

Game seed: 16457254488461374387 (custom seed)

14174 timneilson the Blocker (level 12, -3/77 HPs)
             Began as a Gargoyle Fighter on Oct 8, 2022.
             Was an Elder of Okawaru.
             Slain by a red ugly thing (15 damage)
             ... on level 11 of the Dungeon.
             The game lasted 00:34:02 (12172 turns).

timneilson the Blocker (Gargoyle Fighter)          Turns: 12172, Time: 00:34:03

Health: -3/77      AC: 35    Str: 27    XL:     12   Next: 13%
Magic:  15/16      EV:  9    Int: 10    God:    Okawaru [****..]
Gold:   92         SH: 17    Dex:  9    Spells: 11/11 levels left

rFire   . . .      SeeInvis .    b - +0 scimitar
rCold   + . .      Faith    .    A - +0 kite shield
rNeg    + . .      Spirit   .    i - +0 plate armour
rPois   ∞          Reflect  +    g - +2 hood of the Assassin {Detection Stab+ Stlth++}
rElec   +          Harm     .    (no cloak)
rCorr   +          Rampage  .    o - +2 pair of gloves
Will    .....                    (no boots)
Stlth   ..........               l - amulet of Custroas {Reflect rPois rC+ Str+3 SH+5}
HPRegen 0.32/turn                t - +4 ring of protection
MPRegen 0.15/turn                n - ring of resist corrosion

@: heroic, studying 2 skills
A: sickness immunity, AC +8, negative energy resistance 1, electricity
resistance, torment resistance 1, petrification resistance
a: Renounce Religion, Heroism, Finesse


You were on level 11 of the Dungeon.
You worshipped Okawaru.
Okawaru was greatly pleased with you.
You visited 2 branches of the dungeon, and saw 12 of its levels.
You also visited: Ossuary.

You collected 972 gold pieces.
You spent 880 gold pieces at shops.

Inventory:

Hand Weapons
 a - a +1 long sword
 b - a +0 scimitar (weapon)
Missiles
 k - 4 throwing nets (quivered)
Armour
 g - the +2 hood of the Assassin (worn) {Detection Stab+ Stlth++}
   (You found it on level 8 of the Dungeon)

   It allows the wearer to sense nearby creatures.
   It allows the wearer to make particularly effective stabbing attacks against
   helpless or unaware enemies with any weapon.
   Stlth:     It makes you much more stealthy.
 i - a +0 plate armour (worn)
 o - a +2 pair of gloves (worn)
 A - a +0 kite shield (worn)
Jewellery
 l - the amulet of Custroas (around neck) {Reflect rPois rC+ Str+3 SH+5}
   (You acquired it on level 3 of the Dungeon)

   [amulet of reflection]

   It reflects blocked missile attacks.
   Str:       It affects your strength (+3).
   rC:        It protects you from cold.
   rPois:     It protects you from poison.
   SH:        It affects your SH (+5).
 n - a ring of resist corrosion (right hand)
 t - a +4 ring of protection (left hand)
 w - a ring of fire
Wands
 m - a wand of polymorph (10)
 p - a wand of acid (2)
 x - a wand of flame (44)
Scrolls
 d - 3 scrolls of identify
 e - 2 scrolls of teleportation
 j - 3 scrolls of magic mapping
 s - a scroll of fog
 v - a scroll of enchant armour
 y - a scroll of enchant weapon
Potions
 f - a potion of magic
 h - 3 potions of lignification
 q - 2 potions of might
 r - 2 potions of brilliance
 u - 2 potions of attraction
 z - a potion of mutation


   Skills:
 + Level 9.8(14.8) Fighting
 * Level 8.1(13.1) Long Blades
 * Level 10.1(15.1) Armour
 + Level 4.4(9.4) Dodging
 * Level 10.1(15.1) Shields
 + Level 6.6 Invocations
 + Level 5.8 Evocations


You had 11 spell levels left.
You didn't know any spells.
Your spell library contained the following spells:

 Spells                   Type           Power      Damage    Failure   Level
 Kiss of Death            Conj/Necr      0%         2d5       99%         1
 Slow                     Hex            0%         N/A       99%         1
 Confusing Touch          Hex            0%         N/A       100%        3
 Dazzling Flash           Conj/Hex       0%         N/A       100%        3
 Ignite Poison            Fire/Tmut/Pois 0%         N/A       100%        3
 Kindle Blastsparks       Fire/Tloc/Air  0%         2d10      100%        3
 Vampiric Draining        Necr           0%         2d6       100%        3
 Airstrike                Air            0%         2d(0-16)  100%        4
 Dispel Undead            Necr           0%         3d6       100%        4
 Freezing Cloud           Conj/Ice/Air   0%         6-21      100%        5
 Lightning Bolt           Conj/Air       0%         1d11      100%        5
 Conjure Ball Lightning   Conj/Air       0%         3x3d6     100%        6
 Starburst                Conj/Fire      0%         6d3       100%        6
 Discord                  Hex            0%         N/A       100%        8
 Disjunction              Tloc           0%         N/A       100%        8
 Animate Armour           Summ/Erth      Unusable   N/A       N/A         4
 Summon Lightning Spire   Summ/Air       Unusable   N/A       N/A         4
 Spellforged Servitor     Conj/Summ      Unusable   N/A       N/A         7

Dungeon Overview and Level Annotations

Branches:
Dungeon (11/15)            Temple (1/1) D:5            Lair (0/5) D:8
    Orc (0/2) D:9         Ossuary (visited)

Altars:
Ashenzari
Cheibriados
Dithmenos
Elyvilon
Fedhas
Gozag
Hepliaklqana
Kikubaaqudgha
Makhleb
Nemelex Xobeh
Okawaru
Qazlal
Ru
Sif Muna
Trog
Uskayaw
Vehumet
Wu Jian
Xom
Yredelemnul
Zin
The Shining One

Shops:
D:3 :   D:6 ((   D:9 (

Portals:
Trove: D:10 (give 2 scrolls of acquirement)


Innate Abilities, Weirdness & Mutations

You are immune to sickness and miasma.
Your stone body is resilient. (AC +8)
You are immune to poison.
You resist negative energy. (rN+)
You are resistant to electric shocks. (rElec)
You are resistant to unholy torment.
You are immune to petrification.


Message History

You hit the red ugly thing but do no damage.
The red ugly thing is lightly wounded.
The red ugly thing bites you but does no damage.
You gain the combat prowess of a mighty hero.
You block the red ugly thing's attack.
You slash the red ugly thing!
The red ugly thing is moderately wounded.
You block the red ugly thing's attack.
You hit the red ugly thing but do no damage.
The red ugly thing is moderately wounded.
You hit the red ugly thing.
The red ugly thing is moderately wounded.
You block the red ugly thing's attack.
You closely miss the red ugly thing.
The red ugly thing is moderately wounded.
The red ugly thing bites you.
You are engulfed in flames!
You hit the red ugly thing but do no damage.
The red ugly thing is moderately wounded.
You block the red ugly thing's attack.
You barely miss the red ugly thing.
The red ugly thing is moderately wounded.
The red ugly thing bites you.
You are engulfed in flames!
* * * LOW HITPOINT WARNING * * *
You barely miss the red ugly thing.
The red ugly thing is moderately wounded.
The red ugly thing bites you but does no damage.
You hit the red ugly thing.
The red ugly thing is moderately wounded.
You hit the red ugly thing.
The red ugly thing is heavily wounded.
The red ugly thing bites you but does no damage.
You hit the red ugly thing.
The red ugly thing is heavily wounded.
You block the red ugly thing's attack.
You hit the red ugly thing.
The red ugly thing is heavily wounded.
The red ugly thing bites you.
* * * LOW HITPOINT WARNING * * *
You are engulfed in flames!
You die...

#.# #.# ..#
#.# .
#.######.#
####.........
#............
#............
#....@u......
##.>..#...#..
##.####....#
.....
+..........#
....
####.###...+
...
.......'...#
.#
..##.###...#
# # #...#
#<..#


You could see a red ugly thing.

Vanquished Creatures
  Harold (D:10)
  2 centaur warriors (D:8)
  2 boulder beetles (D:8)
  2 two-headed ogres (D:8)
  A tengu warrior (D:8)
  A deep elf pyromancer (D:8)
  A manticore (D:8)
  An unseen horror (D:10)
  3 trolls
  The ghost of baller8008 the Covered, an amateur AtFi of Dithmenos (D:4)
  Prince Ribbit (D:7)
  A vampire (D:10)
  A wyvern (D:8)
  3 wraiths
  6 yaks
  3 steam dragons
  3 vampire mosquitoes (D:8)
  3 wargs (D:8)
  3 water moccasins
  An ice beast (D:8)
  4 orc warriors
  2 black bears
  An ogre (D:6)
  3 centaurs
  4 kobold brigands
  2 elf zombies (Ossuary)
  4 bullfrogs
  A gnoll sergeant (D:10)
  2 scorpions
  5 necrophages
  7 wights
  9 killer bees (D:9)
  4 jellies
  10 howler monkeys
  3 orc priests
  4 hounds
  3 gnoll boudas
  4 iguanas
  Terence (D:2)
  Jessica (D:3)
  11 orc wizards
  2 mummies (Ossuary)
  20 gnolls
  5 adders
  3 white imps
  3 ufetubi
  2 worms
  4 dart slugs
  35 orcs
  5 endoplasms
  5 giant cockroaches
  4 gnoll zombies (Ossuary)
  7 goblins
  8 hobgoblins
  3 jackals (D:2)
  6 quokkas
  10 ball pythons
  7 bats
  4 frilled lizards
  4 goblin zombies (Ossuary)
  A hobgoblin zombie (Ossuary)
  10 kobolds
  3 orc zombies (Ossuary)
  2 rats (D:1)
278 creatures vanquished.

Vanquished Creatures (others)
  A water moccasin (D:5)
  An orc wizard (D:9)
  A kobold (D:9)
  4 plants
7 creatures vanquished.

Grand Total: 285 creatures vanquished

Notes
Turn   | Place    | Note
-------+----------+-------------------------------------------
     0 | D:1      | timneilson the Gargoyle Fighter began the quest for the
                  | Orb.
     0 | D:1      | Reached XP level 1. HP: 14/14 MP: 1/1
   120 | D:1      | Reached XP level 2. HP: 17/19 MP: 2/2
   438 | D:1      | Reached XP level 3. HP: 23/23 MP: 3/3
  1409 | D:2      | Reached XP level 4. HP: 29/29 MP: 4/4
  1677 | D:3      | Noticed a scorpion
  1678 | D:3      | Noticed Terence
  1680 | D:3      | Found Urchargh's Vocational Training.
  1704 | D:2      | Killed a scorpion
  1705 | D:2      | Reached skill level 1 in Evocations
  1705 | D:2      | Reached XP level 5. HP: 20/33 MP: 5/5
  1758 | D:3      | Noticed Jessica
  1772 | D:2      | Killed Terence
  1860 | D:3      | Killed Jessica
  2432 | D:3      | Identified a scroll of acquirement
  2432 | D:3      | Acquired the amulet of Custroas {Reflect rPois rC+ Str+3
                  | SH+5}
  2516 | D:4      | Found a transporter.
  2516 | D:4      | Noticed baller8008's ghost (amateur AtFi)
  2517 | D:4      | Noticed a steam dragon
  2539 | D:4      | Found a transporter.
  2552 | D:4      | You fall into a shaft and drop 1 floor!
  2552 | D:5      | Entered Level 5 of the Dungeon
  2564 | D:5      | Reached XP level 6. HP: 38/39 MP: 6/6
  2577 | D:5      | Found a staircase to the Ecumenical Temple.
  2586 | Temple   | Entered the Ecumenical Temple
  2599 | Temple   | Became a worshipper of Warmaster Okawaru
  2976 | D:4      | Reached skill level 1 in Invocations
  2976 | D:4      | Reached XP level 7. HP: 44/44 MP: 7/7
  3120 | D:4      | Reached * piety under Okawaru
  3121 | D:4      | Reached skill level 5 in Fighting
  3134 | D:4      | Reached skill level 5 in Armour
  3134 | D:4      | Reached skill level 5 in Shields
  4115 | D:5      | Reached XP level 8. HP: 46/49 MP: 9/9
  4841 | D:6      | Reached ** piety under Okawaru
  4894 | D:6      | Found Buze Em Lat's Antique Weapon Emporium.
  5063 | D:6      | Found Qazywk's Antique Weapon Shop.
  5164 | D:6      | Reached skill level 1 in Dodging
  5580 | D:6      | Acquired a manual of Fighting
  5696 | D:7      | Reached XP level 9. HP: 40/55 MP: 9/11
  5754 | D:7      | Found a sand-covered staircase.
  5762 | Ossuary  | Entered an ossuary
  6196 | D:7      | Reached skill level 5 in Long Blades
  6393 | D:7      | Found a snail-covered altar of Cheibriados.
  6393 | D:7      | Found a basalt altar of Yredelemnul.
  6552 | D:7      | Noticed Prince Ribbit
  6605 | D:7      | Killed Prince Ribbit
  6723 | D:8      | Reached *** piety under Okawaru
  7223 | D:8      | Reached XP level 10. HP: 60/63 MP: 13/13
  7245 | D:8      | Noticed a centaur warrior
  7273 | D:8      | Noticed a tengu warrior
  7276 | D:8      | Noticed a deep elf pyromancer
  7277 | D:8      | Noticed a manticore
  7282 | D:8      | Noticed a boulder beetle
  7303 | D:8      | Killed a tengu warrior
  7303 | D:8      | Reached **** piety under Okawaru
  7314 | D:8      | Killed a centaur warrior
  7428 | D:8      | Killed a boulder beetle
  7434 | D:8      | Killed a manticore
  7435 | D:8      | Reached skill level 5 in Invocations
  7458 | D:8      | Reached ***** piety under Okawaru
  7467 | D:8      | Killed a deep elf pyromancer
  7468 | D:8      | Noticed a two-headed ogre
  7486 | D:8      | Noticed a centaur warrior
  7688 | D:8      | Found a staircase to the Lair.
  7715 | D:8      | Reached skill level 5 in Evocations
  7715 | D:8      | Reached XP level 11. HP: 59/69 MP: 14/14
  7830 | D:8      | Received a gift from Okawaru
  8204 | D:8      | Noticed a boulder beetle
  8272 | D:8      | HP: 3/69 [boulder beetle (10)]
  8278 | D:8      | Identified the ring of Nebaukly {Will+ Int+6 Stlth+}
  8278 | D:8      | Noticed a skeletal warrior
  8596 | D:8      | Found the +2 hood of the Assassin {Detection Stab+ Stlth++}
  8657 | D:8      | Killed a two-headed ogre
  8668 | D:8      | Got Sif Muna's Vellum of the Caves and Conjuring
  8769 | D:8      | Noticed a two-headed ogre
  8789 | D:8      | Killed a two-headed ogre
  8834 | D:8      | Killed a centaur warrior
  8996 | D:8      | Killed a boulder beetle
  9667 | D:9      | Found a staircase to the Orcish Mines.
  9708 | D:9      | Found Bomepp's Weapon Shop.
 10160 | D:10     | Entered Level 10 of the Dungeon
 10224 | D:10     | Noticed Harold
 10255 | D:10     | Killed Harold
 10850 | D:3      | Bought a manual of Invocations for 880 gold pieces
 10922 | D:4      | Killed baller8008's ghost
 10923 | D:4      | Reached skill level 10 in Shields
 10923 | D:4      | Reached XP level 12. HP: 59/77 MP: 10/16
 11316 | D:10     | Reached skill level 10 in Armour
 11560 | D:10     | Identified the +7 flail "Githudghai" {pain, Will++ Int+2}
 11840 | D:10     | Found a portal to a secret trove of treasure.
 12003 | D:10     | Found an ornate altar of the Wu Jian Council.
 12172 | D:11     | Slain by a red ugly thing

Illustrated notes

Levels and vault maps discovered:
D:1:      dpeg_arrival_rhombus, layout_basic, hangedman_abyss_or_decor_stabs,
          dreamdust_princess_corridor, serial_bayou_ford_a, st_stairs_1
D:2:      layout_loops_ring
D:3:      layout_basic, nicolae_shop_vocational, uniq_terence, uniq_jessica
D:4:      layout_basic, serial_glass, glass_columns_a, glass_columns_a,
          gammafunk_ghost_arena, hangedman_minor_gate_pass
D:5:      layout_loops_cross, lemuel_temple_firewalk_b, serial_rivers,
          chequers_serial_rivers_room_a, chequers_serial_rivers_micro_e,
          chequers_serial_rivers_micro_e, chequers_serial_rivers_room_a,
          chequers_serial_rivers_small_a, chequers_serial_rivers_micro_e
D:6:      layout_cave_pools, serial_shops, nicolae_shop_overgrown_old_shop,
          nicolae_shop_hallway_stairs
D:7:      layout_loops_ring, nicolae_overflow_two_pavilions,
          nicolae_ossuary_entry_plus, uniq_prince_ribbit1
D:8:      minmay_the_grid_octo_tiled_squarecenter
          [minmay_the_grid_octo_fat_diamond, minmay_the_grid_octo_teeth,
          minmay_the_grid_octo_thin_diamonds, minmay_the_grid_octo_77,
          minmay_the_grid_square_5x5_megaprize_checkered,
          minmay_the_grid_square_5x5_bridge, minmay_the_grid_square_5x5_fat_x,
          minmay_the_grid_square_5x5_hollow_slash,
          minmay_the_grid_square_5x5_checkered_statues], layout_loops_corners,
          erik_lair_orcish_takeover
D:9:      layout_basic, orc_david_3
D:10:     layout_rooms, old_standard_altar, nicolae_trove_entry_diagonal,
          uniq_harold
D:11:     layout_basic, uniq_grum
Temple:   hellmonk_temple_of_storms

Skill      XL: |  1  2  3  4  5  6  7  8  9 10 11 12 |
---------------+-------------------------------------+-----
Long Blades    | 2 3 4 5 6 7 8 |  8.1
Fighting       | 4 5 7 8 9 |  9.8
Armour         | 4 5 6 7 8 9 10 | 10.1
Shields        | 4 5 6 7 8 10 | 10.1
Evocations     | 1 2 3 4 5 |  5.8
Invocations    | 1 2 3 4 5 6 |  6.6
Dodging        | 1 2 3 4 |  4.4

Action                   |  1- 3 |  4- 6 |  7- 9 | 10-12 || total
-------------------------+-------+-------+-------+-------++-------
Melee: Long sword        |   164 |   187 |    74 |       ||   425
       Scimitar          |       |       |   652 |  1107 ||  1759
Invok: Heroism           |       |       |    12 |    30 ||    42
       Finesse           |       |       |       |     8 ||     8
Evoke: Wand              |       |       |       |    17 ||    17
  Use: Scroll            |     3 |     5 |     9 |     5 ||    22
       Potion            |       |       |     4 |    10 ||    14
Armor: Scale mail        |   114 |    99 |       |       ||   213
       Chain mail        |       |     2 |   376 |   135 ||   513
       Plate armour      |       |       |       |   487 ||   487
Dodge: Dodged            |    81 |   108 |   257 |   289 ||   735
Block: Buckler           |    40 |    72 |   427 |   623 ||  1162
       Reflection        |       |     1 |     1 |    21 ||    23
       Kite shield       |       |       |       |     7 ||     7

Table legend: (Time is in decaauts)
 A = Elapsed time spent in this place.
 B = Non-inter-level travel time spent in this place.
 C = Inter-level travel time spent in this place.
 D = Time resting spent in this place.
 E = Time spent auto-exploring this place.
 F = Levels seen in this place.
 G = Mean time per level.
                   A        B        C        D        E       F      G
               +--------+--------+--------+--------+--------+-----+--------+
         Total |  12249 |  11531 |    718 |    772 |   6388 |  13 |  942.2 |
       Dungeon |  11974 |  11256 |    718 |    772 |   6275 |  11 | 1088.5 |
        Temple |     45 |     45 |      0 |      0 |     17 |   1 |   45.0 |
       Ossuary |    230 |    230 |      0 |      0 |     96 |   1 |  230.0 |
               +--------+--------+--------+--------+--------+-----+--------+

Top non-repeatable levels by time:
     D:8: 2365 daAuts
     D:9: 1452 daAuts
     D:4: 1277 daAuts
     D:5: 1232 daAuts
    D:10: 1108 daAuts
     D:7: 1068 daAuts
     D:2: 958 daAuts
     D:1: 856 daAuts
     D:3: 818 daAuts
     D:6: 804 daAuts
 Ossuary: 230 daAuts
  Temple: 45 daAuts
    D:11: 31 daAuts
